 Dungeon Crawl Stone Soup version 0.29-a0-344-ge2f44be95a (webtiles) character file.

Game seed: 13238521098354735907

219 zishaf the Sneak (level 5, 0/42 HPs)
             Began as a Vine Stalker Brigand on Apr 21, 2022.
             Succumbed to a gnoll's poison
             ... on level 3 of the Dungeon.
             The game lasted 00:03:57 (2102 turns).

zishaf the Sneak (Vine Stalker Brigand)             Turns: 2102, Time: 00:03:58

Health: 0/42       AC: 22    Str: 14    XL:     5   Next: 96%
Magic:  2/6        EV:  2    Int: 11    God:
Gold:   121        SH:  0    Dex: 17    Spells: 4/4 levels left

rFire   . . .      SeeInvis .   a - +2 dagger
rCold   . . .      Faith    .   (no shield)
rNeg    . . .      Spirit   +   (body armour currently unavailable)
rPois   +          Reflect  .   (helmet currently unavailable)
rElec   .          Harm     .   (cloak currently unavailable)
rCorr   .          Rampage  .   (gloves currently unavailable)
Will    .....      NoTele   +   (boots currently unavailable)
Stlth   +++.......              (no amulet)
HPRegen 0.94/turn               (no ring)
MPRegen 0.10/turn               (no ring)

@: lethally poisoned (0 -> -10), tree-form
A: stationary, stasis, torment immunity, boosted hp, (fangs 2), regeneration 1,
magic shield, (antimagic bite), no potion heal 2
a: no special abilities


You were on level 3 of the Dungeon.
You were a tree.
You visited 1 branch of the dungeon, and saw 3 of its levels.

You collected 121 gold pieces.

Inventory:

Hand Weapons
 a - a +2 dagger (weapon)
 b - a +0 hunting sling
Missiles
 d - 11 poisoned darts (quivered)
 e - 3 curare-tipped darts
 n - a throwing net
Armour
 c - a +0 cloak (melded)
 s - a +0 helmet (melded)
 u - a +0 robe (melded)
Scrolls
 f - 2 scrolls of magic mapping {unknown}
 g - a scroll of fog {unknown}
 h - 3 scrolls of identify {unknown}
 o - a scroll of vulnerability {unknown}
 q - a scroll of teleportation {unknown}
 r - a scroll of blinking {unknown}
Potions
 i - 2 potions of lignification
 j - a potion of brilliance {unknown}
 k - 2 potions of haste {unknown}
 l - 3 potions of attraction {unknown}
 m - a potion of heal wounds {unknown}
 p - 2 potions of curing {unknown}
 t - a potion of might {unknown}
 v - a potion of degeneration {unknown}


   Skills:
 + Level 3.3 Fighting
 + Level 3.4 Short Blades
 - Level 1.7 Throwing
 - Level 0.7 Dodging
 + Level 6.4 Stealth


You had 4 spell levels left.
You didn't know any spells.
Your spell library contained the following spells:

 Spells                   Type           Power      Damage    Failure   Level
 Ignite Poison            Fire/Tmut/Pois 0%         N/A       71%         3
 Mephitic Cloud           Conj/Pois/Air  0%         N/A       71%         3
 Freezing Cloud           Conj/Ice/Air   0%         6-21      100%        5


Dungeon Overview and Level Annotations

Branches:
Dungeon (3/15)

Altars:

Shops:
D:1 =


Innate Abilities, Weirdness & Mutations

You are a tree.
Your roots penetrate the ground, keeping you stationary.
You cannot be teleported.
You are immune to unholy pain and torment.
Your maximum health is greatly increased.
Your equipment is partially melded.
((You have extremely sharp teeth.))
Your natural rate of healing is unusually fast.
When hurt, damage is shared between your health and your magic reserves.
((Your bite disrupts and absorbs the magic of your enemies.))
Potions cannot restore your health.


Message History

You feel invigorated.
The gnoll is severely wounded.
You feel very sick. The gnoll barely misses you.
You hit the gnoll but do no damage. Your bite misses the gnoll.
The gnoll is severely wounded.
You feel sick.
A gnoll comes into view. It is wielding a +0 club.
The gnoll hits you with a +4 whip of venom.
You are more poisoned.
The gnoll shouts!
You hit the gnoll. Your bite misses the gnoll.
The gnoll is almost dead.
You feel very sick.
You hit the gnoll but do no damage. You bite the gnoll, but do no damage.
The gnoll is almost dead.
You feel very sick.
The gnoll shaman calls upon its god to heal the gnoll.
The gnoll is healed somewhat.
The gnoll hits you with a +4 whip of venom.
You are lethally poisoned!
You hit the gnoll. Your bite misses the gnoll.
The gnoll is heavily wounded.
* * * LOW HITPOINT WARNING * * *
You feel very sick. The gnoll closely misses you. x2
A kobold comes into view.
It is wielding a +2 short sword of venom.
Unknown command.
It was a potion of lignification.
You turn into a tree.
Your +0 cloak melds into your body.
Your +0 helmet melds into your body.
Your +0 robe melds into your body.
Your roots penetrate the ground.
* * * LOW HITPOINT WARNING * * *
You feel very sick.
The kobold shouts!
The gnoll hits you from afar with a +0 halberd.
* * * LOW HITPOINT WARNING * * *
The gnoll completely misses you.
You closely miss the gnoll.
The gnoll is heavily wounded.
You die...

(..........## #.# #.
.#################.####.
#..<............
#.##)####.......
#######.##†# #.######
...........# #.#
#######.#### #.#
.########.#######.#
.K.g.gg♣..........#
.####g############# ..
##


You could see a gnoll shaman, 3 gnolls and a kobold.

Vanquished Creatures
  Natasha (thrice) (D:2)
  Robin (D:1)
  4 adders (D:2)
  2 worms
  2 dart slugs
  6 orcs
  7 ball pythons
  3 bats
  6 endoplasms
  2 giant cockroaches
  12 goblins
  8 hobgoblins
  7 jackals
  A quokka (D:1)
  6 frilled lizards
  3 kobolds
  6 rats
  A spectral kobold (D:2)
80 creatures vanquished.

Notes
Turn   | Place    | Note
-------+----------+-------------------------------------------
     0 | D:1      | zishaf the Vine Stalker Brigand began the quest for the
                  | Orb.
     0 | D:1      | Reached XP level 1. HP: 11/11 MP: 2/2
   105 | D:1      | Found Hoitoh's Jewellery Shoppe.
   131 | D:1      | Reached skill level 5 in Stealth
   195 | D:1      | Reached XP level 2. HP: 15/15 MP: 3/3
   643 | D:1      | Reached XP level 3. HP: 14/18 MP: 2/4
   880 | D:2      | Found a faded altar of an unknown god.
   893 | D:2      | Noticed Natasha
   899 | D:2      | Noticed Robin
  1090 | D:1      | Killed Robin
  1382 | D:1      | Gained mutation: Your natural rate of healing is unusually
                  | fast. [Vine Stalker growth]
  1382 | D:1      | Reached XP level 4. HP: 8/23 MP: 5/5
  1434 | D:2      | Killed Natasha
  1467 | D:2      | Noticed Natasha
  1482 | D:2      | Killed Natasha
  1549 | D:2      | Reached skill level 6 in Stealth
  1549 | D:2      | Reached XP level 5. HP: 14/28 MP: 3/6
  1738 | D:2      | Noticed Natasha
  1795 | D:2      | Killed Natasha
  2102 | D:3      | Succumbed to a gnoll's poison

Illustrated notes

Levels and vault maps discovered:
D:1:      nicolae_arrival_somewhat_less_tricky_arrival, layout_loops_ring,
          serial_shops, nicolae_shop_advertising_works
          [nicolae_subvault_shop_adworks], st_stairs_5
D:2:      layout_rooms, dreamdust_ecumenical_altar_drowned_temple,
          minmay_small_reverse_x, uniq_natasha, uniq_robin
D:3:      minmay_door_path, layout_loops_ring, minivault_5,
          chequers_serial_rivers_micro_c, hangedman_abyss_or_decor_stabs,
          serial_park_tiny_1, uniq_terence

Skill      XL: |  1  2  3  4  5 |
---------------+----------------+-----
Stealth        | 5 6 |  6.4
Fighting       | 2 3 |  3.3
Short Blades   | 2 3 |  3.4
Throwing       | |  1.7
Dodging        | |  0.7

Action                   |  1- 3 |  4- 6 || total
-------------------------+-------+-------++-------
Melee: Dagger            |    97 |   123 ||   220
       Bite              |    14 |    31 ||    45
       Punch             |       |     2 ||     2
 Fire: Hunting sling     |       |    21 ||    21
  Use: Potion            |       |     1 ||     1
 Stab: Sleeping          |     8 |     6 ||    14
Armor: Robe              |    30 |    40 ||    70
Dodge: Dodged            |    46 |    58 ||   104

Table legend: (Time is in decaauts)
 A = Elapsed time spent in this place.
 B = Non-inter-level travel time spent in this place.
 C = Inter-level travel time spent in this place.
 D = Time resting spent in this place.
 E = Time spent auto-exploring this place.
 F = Levels seen in this place.
 G = Mean time per level.
                   A        B        C        D        E       F      G
               +--------+--------+--------+--------+--------+-----+--------+
         Total |   2083 |   2019 |     64 |    384 |   1111 |   3 |  694.3 |
       Dungeon |   2083 |   2019 |     64 |    384 |   1111 |   3 |  694.3 |
               +--------+--------+--------+--------+--------+-----+--------+

Top non-repeatable levels by time:
     D:1: 1338 daAuts
     D:2: 585 daAuts
     D:3: 160 daAuts
